Cogmind - Beta 16.1 @@@ ROGUE MODE // 2026.02.19 @ 14:47:15 Player: Thaleia Result: Self-destructed Performance ------------- Evolutions (2) 1000 Regions Visited (4) 800 Robots Destroyed (0) 0 Value Destroyed (0) 0 Prototype IDs (1) 20 Alien Tech Used (0) 0 Bonus (470) 470 TOTAL SCORE: 2290 Bonus ------- Pacifist 470 Cogmind --------- Core Integrity 492/550 Matter 300/300 Energy 87/100 System Corruption 0% Temperature Cool (0) Movement Flying (115) Ox1 Location -8/Materials Parts ------- > --- POWER (1) -------- (None) > --- PROPULSION (4) --- Cesium-ion Thruster > --- UTILITY (4) ------ Small Storage Unit Improved Terrain Scanner Improved Terrain Scan Processor > --- WEAPON (2) ------- (None) > --- INVENTORY (8) ---- Cooled Ion Engine Aluminum Leg Flight Unit Improved Terrain Scanner Particle Charger Reactive Plating High-powered Shotgun Grenade Launcher Peak State ------------ > --- POWER ------------ Light Deuterium Engine > --- PROPULSION ------- Flight Unit Cesium-ion Thruster Cesium-ion Thruster Cesium-ion Thruster > --- UTILITY ---------- Small Storage Unit Improved Terrain Scanner Improved Terrain Scan Processor > --- WEAPON ----------- Great Maul > --- INVENTORY -------- Cooled Ion Engine Aluminum Leg Flight Unit Improved Terrain Scanner Particle Charger Reactive Plating Shotgun Grenade Launcher [Rating: 24] Favorites ----------- Power Cooled Ion Engine Engine Cooled Ion Engine Propulsion Aluminum Leg Treads Light Treads Leg Aluminum Leg Wheel Wheel Flight Unit Cesium-ion Thruster Utility Small Storage Unit Device Improved Terrain Scanner Storage Small Storage Unit Processor Improved Terrain Scan Processor Protection Reactive Plating Weapon Assault Rifle Ballistic Gun Assault Rifle Impact Weapon Great Maul Build | -11 -10 -10 -9 -8 ------- Run | Yrd Mat Min Mat Mat Slots Evolved 4 | . . . 2 2 Power . | . . . . . Propulsion 2 | . . . 1 1 Utility 2 | . . . 1 1 Weapon . | . . . . . Parts Attached 20 | 8 2 . 3 7 Power 4 | 1 2 . . 1 Engine 4 | 1 2 . . 1 Core . | . . . . . Reactor . | . . . . . Propulsion 8 | 4 . . . 4 Treads 1 | 1 . . . . Leg 2 | 2 . . . . Wheel 1 | 1 . . . . Hover . | . . . . . Flight 4 | . . . . 4 Utility 4 | 1 . . 1 2 Device 1 | . . . . 1 Storage 1 | 1 . . . . Processor 1 | . . . . 1 Hackware . | . . . . . Protection 1 | . . . 1 . Artifact . | . . . . . Weapon 4 | 2 . . 2 . Energy Gun . | . . . . . Energy Cannon . | . . . . . Ballistic Gun 3 | 2 . . 1 . Ballistic Cannon . | . . . . . Launcher . | . . . . . Special Weapon . | . . . . . Impact Weapon 1 | . . . 1 . Slashing Weapon . | . . . . . Piercing Weapon . | . . . . . Special Melee Weapon . | . . . . . Unidentified Prototypes 1 | . 1 . . . Parts Lost 3 | . . . . 3 Power . | . . . . . Propulsion 3 | . . . . 3 Utility . | . . . . . Weapon . | . . . . . Highest Loss Streak 3 | . . . . 3 To Critical Strikes . | . . . . . Average Backups 5 | . 2 6 7 7 Power 1 | . 1 2 1 1 Propulsion 1 | . . 1 2 2 Utility 1 | . . 1 1 2 Weapon 1 | . . 1 2 2 Tool/Special . | . . . . . Unused Backups 9 | . 1 2 . 6 Power 2 | . 1 1 . . Propulsion 1 | . . . . 1 Utility 3 | . . 1 . 2 Weapon 3 | . . . . 3 Tool/Special . | . . . . . Average Slot Usage (%) 77 | . 85 85 67 69 Engine 12 | . 14 14 11 7 Leg 23 | . 28 28 22 3 Flight 3 | . . . . 26 Storage 12 | . 14 14 11 9 Ballistic Gun 21 | . 28 28 15 3 Impact Weapon 2 | . . . 6 7 Peak Build Rating 24 | 6 8 9 12 24 Average Rating 9 | 4 7 8 9 20 On Entrance 6 | . 6 8 9 10 Avg Prop Armor Cover (%) 14 | 11 . . . 17 Naked Turns . | . . . . . Heaviest Build 26 | 13 16 16 26 18 Greatest Support 20 | 20 20 20 20 20 Greatest Overweight (x) 3 | . . . 1 3 Average Overweight (x) . | . . . . . Largest Inventory Capacity 8 | 8 8 8 8 8 Average Capacity 7 | 6 8 8 8 8 Most Carried 8 | 2 3 8 8 8 Average Carried 6 | . 2 6 7 7 Final Capacity 8 | 8 8 8 8 8 Final Carried 8 | 1 3 8 8 8 Class Distribution -------------------- 90% | Mutant 9% | Sprinter Dominant Class ---------------- Mutant | -10/Materials Mutant | -10/Mines Mutant | -9/Materials Sprinter | -8/Materials Resources | -11 -10 -10 -9 -8 ----------- Run | Yrd Mat Min Mat Mat Matter Collected 468 | 267 . 41 50 110 Remotely . | . . . . . Salvage Created . | . . . . . Parts . | . . . . . Haulers Intercepted . | . . . . . Recyclers Shooed . | . . . . . Parts Field Recycled . | . . . . . Retrieved Matter . | . . . . . Parts Self-Destructed . | . . . . . Prevented . | . . . . . Parts Restored . | . . . . . Kills | -11 -10 -10 -9 -8 ------- Run | Yrd Mat Min Mat Mat Combat Hostiles Destroyed . | . . . . . Classes Destroyed . | . . . . . Best Kill Streak . | . . . . . Combat Bots Only . | . . . . . Max Kills in Single Turn . | . . . . . Gunslinging . | . . . . . Exploded . | . . . . . Melee . | . . . . . Uniques/NPCs Destroyed . | . . . . . Combat | -11 -10 -10 -9 -8 -------- Run | Yrd Mat Min Mat Mat Hostile Shots Fired 15 | . . . 2 13 Missed 6 | . . . . 6 Hits 9 | . . . 2 7 Melee 7 | . . . . 7 Projectile 2 | . . . 2 . AOE 3 | . . . . 3 Critical Strikes 3 | . . . . 3 Damage Taken 221 | . . . 28 193 Core 58 | . . . . 58 Absorbed by Shields . | . . . . . Core Remaining (%) 100 | 100 . 100 100 . Volleys Fired . | . . . . . Largest . | . . . . . Hottest . | . . . . . Shots Fired 4 | . 1 3 . . Gun 4 | . 1 3 . . Cannon . | . . . . . Launcher . | . . . . . Special . | . . . . . Kinetic 4 | . 1 3 . . Thermal . | . . . . . Explosive . | . . . . . Electromagnetic . | . . . . . Robot Hit Streak . | . . . . . Robot Miss Streak 2 | . . 2 . . Penetration Max . | . . . . . Secondary Targets . | . . . . . Shots Hit Robots . | . . . . . Core Hits . | . . . . . Critical Kills . | . . . . . Critical Parts Destroyed . | . . . . . Critical Strikes . | . . . . . Melee Attacks 1 | . . . . 1 Impact 1 | . . . . 1 Slashing . | . . . . . Piercing . | . . . . . Sneak Attacks . | . . . . . Combat Hostiles . | . . . . . Follow-up Attacks . | . . . . . Damage Inflicted 31 | 7 . 10 14 . Guns . | . . . . . Cannons . | . . . . . Explosions . | . . . . . Melee . | . . . . . Ramming 31 | 7 . 10 14 . Kinetic . | . . . . . Thermal . | . . . . . Explosive . | . . . . . Electromagnetic . | . . . . . Impact . | . . . . . Slashing . | . . . . . Piercing . | . . . . . Highest Corruption 4 | . 4 4 . . Average Corruption 4 | . 4 4 . . Corruption Purged . | . . . . . Corruption Blocked . | . . . . . Effects 13 | . 1 12 . . Message Errors 4 | . . 4 . . Matter Fused 1 | . . 1 . . Heat Flow Errors 1 | . . 1 . . Energy Discharges 2 | . . 2 . . Data Loss (major) 1 | . . 1 . . Misfires 4 | . 1 3 . . Overload Shots . | . . . . . Overflow Damage . | . . . . . Projectiles . | . . . . . Explosions . | . . . . . Melee . | . . . . . Knockbacks 1 | 1 . . . . Impact 1 | 1 . . . . Kinetic . | . . . . . Secondary . | . . . . . Self-Inflicted Damage . | . . . . . Shots . | . . . . . Rammed . | . . . . . Targets Rammed 3 | 1 . 1 1 . Kicked 3 | 1 . 1 1 . Crushed . | . . . . . Highest Temperature 80 | . . 80 . . Average Temperature 50 | . . 50 . . Received Heat Transfer 9 | . . . 9 . Siege Activations . | . . . . . Martial Activations . | . . . . . Shielding Activations . | . . . . . Robots Disrupted . | . . . . . Combat Hostiles . | . . . . . Robots Corrupted . | . . . . . Combat Hostiles . | . . . . . Parts Fried . | . . . . . Impact Corruptions . | . . . . . Robots Melted . | . . . . . Combat Hostiles . | . . . . . Parts Melted . | . . . . . Heat Transferred . | . . . . . Parts Sabotaged . | . . . . . Parts Stolen . | . . . . . Parts Stripped . | . . . . . Power Chain Reactions . | . . . . . Alert | -11 -10 -10 -9 -8 ------- Run | Yrd Mat Min Mat Mat Maximum Alert Level . | . . . . . Low Security (%) 100 | 100 100 100 100 100 Level 1 . | . . . . . Level 2 . | . . . . . Level 3 . | . . . . . Level 4 . | . . . . . Level 5 . | . . . . . High Security . | . . . . . Max Security . | . . . . . Peak Influence 4 | . . . . 4 Initial . | . . . . . Average . | . . . . . Influence Increases 4 | . . . . 4 Successful Hack 4 | . . . . 4 Influence Decreases 4 | . . . . 4 Time Decay 4 | . . . . 4 Squads Dispatched 3 | . . 1 . 2 Investigation 1 | . . 1 . . Extermination . | . . . . . Reinforcement 2 | . . . . 2 Assault . | . . . . . Garrison . | . . . . . Intercept . | . . . . . Searches Triggered . | . . . . . Construction Impeded . | . . . . . Haulers Reinforced . | . . . . . Active Scanning Responses . | . . . . . Cargo Convoy Interrupts . | . . . . . Stealth | -11 -10 -10 -9 -8 --------- Run | Yrd Mat Min Mat Mat Distress Signals . | . . . . . Communications Jammed . | . . . . . Distress Signals . | . . . . . Times Spotted 8 | . . . 1 7 Peak Tracking Total 7 | . . . 1 7 Tactical Retreats . | . . . . . Traps | -11 -10 -10 -9 -8 ------- Run | Yrd Mat Min Mat Mat Traps Triggered 2 | . . . . 2 Indirectly . | . . . . . Trap Hack Attempts . | . . . . . Triggered . | . . . . . Disarmed . | . . . . . Reprogrammed . | . . . . . Reused . | . . . . . Traps Extracted . | . . . . . Installed . | . . . . . Triggered . | . . . . . Machines | -11 -10 -10 -9 -8 ---------- Run | Yrd Mat Min Mat Mat Machines Disabled . | . . . . . Max in Single Turn . | . . . . . Machines Repaired . | . . . . . Machines Dismantled . | . . . . . Machines Sabotaged . | . . . . . Overloaded Fab Kills . | . . . . . Hacking | -11 -10 -10 -9 -8 --------- Run | Yrd Mat Min Mat Mat Machines Accessed 6 | . . 2 2 2 Terminals 5 | . . 1 2 2 Fabricators . | . . . . . Repair Stations . | . . . . . Recycling Units . | . . . . . Scanalyzers . | . . . . . Garrison Access . | . . . . . Total Hacks 8 | . . 2 3 3 Successful 4 | . . 1 1 2 Failed 4 | . . 1 2 1 Catastrophic 2 | . . 1 1 . Database Lockouts . | . . . . . Manual 2 | . . 1 1 . Terminals 7 | . . 1 3 3 Fabricators . | . . . . . Repair Stations . | . . . . . Recycling Units . | . . . . . Scanalyzers . | . . . . . Garrison Access . | . . . . . Terminal Hacks 4 | . . 1 1 2 Record 1 | . . . . 1 Open Door 1 | . . 1 . . Emergency Access Points 1 | . . . . 1 Zone Layout 1 | . . . 1 . Fabricator Hacks . | . . . . . Repair Station Hacks . | . . . . . Recycling Unit Hacks . | . . . . . Scanalyzer . | . . . . . Garrison Access Hacks . | . . . . . Unauthorized Hacks . | . . . . . Terminals . | . . . . . Fabricators . | . . . . . Repair Stations . | . . . . . Recycling Units . | . . . . . Scanalyzers . | . . . . . Garrison Access . | . . . . . Data Cores Recovered . | . . . . . Used . | . . . . . Hacking Detections 3 | . . . 1 2 Full Trace Events . | . . . . . Feedback Events . | . . . . . Feedback Blocked . | . . . . . Robot Schematics Acquired . | . . . . . Robots Built . | . . . . . Authchips . | . . . . . Time . | . . . . . Total Robot Build Rating . | . . . . . Part Schematics Acquired . | . . . . . Parts Built . | . . . . . Authchips . | . . . . . Time . | . . . . . Total Part Build Rating . | . . . . . Part Studies Acquired . | . . . . . Parts Repaired . | . . . . . Time . | . . . . . Parts Recycled . | . . . . . Recycled Matter . | . . . . . Retrieved Matter . | . . . . . Retrieved Components . | . . . . . Parts Scanalyzed . | . . . . . Part Schematics Acquired . | . . . . . Parts Damaged . | . . . . . Bothacking | -11 -10 -10 -9 -8 ------------ Run | Yrd Mat Min Mat Mat Used RIF Installer . | . . . . . Robots Hacked . | . . . . . Non-combat . | . . . . . Combat . | . . . . . Robot Hacks Applied . | . . . . . Relay Couplers Released . | . . . . . Fabnet Peak Effective % . | . . . . . Robots Rewired . | . . . . . Allies Hacked . | . . . . . Hacks Repelled . | . . . . . Allies | -11 -10 -10 -9 -8 -------- Run | Yrd Mat Min Mat Mat Total Allies . | . . . . . Largest Group . | . . . . . Highest-Rated Group . | . . . . . Highest-Rated Ally . | . . . . . Total Orders . | . . . . . Ally Attacks . | . . . . . Total Damage . | . . . . . Kills . | . . . . . Allies Corrupted . | . . . . . Allies Melted . | . . . . . Intel | -11 -10 -10 -9 -8 ------- Run | Yrd Mat Min Mat Mat Active Infowar (turns) 84 | . . . . 84 Terrain 84 | . . . . 84 Robot Analysis Total . | . . . . . Derelict Logs Recovered . | . . . . . Drone Launches . | . . . . . Drone Recoveries . | . . . . . Exploration | -11 -10 -10 -9 -8 ------------- Run | Yrd Mat Min Mat Mat Turns Passed 1040 | 118 43 499 270 110 Spaces Moved 979 | 88 31 409 207 244 Core 6 | 6 . . . . Treads 5 | 5 . . . . Legs 731 | 76 31 409 207 8 Wheels 1 | 1 . . . . Hover . | . . . . . Flight 236 | . . . . 236 Fastest Speed 27 | 50 120 120 120 27 Average Speed 99 | 117 120 120 123 35 Slowest Speed 295 | 160 120 120 190 295 Overloaded Moves . | . . . . . Propulsion Burnouts . | . . . . . Robots Hopped 3 | . . . . 3 Potential Cave-ins . | . . . . . Cave-ins Triggered . | . . . . . Exploration Rate (%) 19 | 5 6 47 18 21 Regions Visited 4 Branch Regions 1 Pre-discovered Areas . | . . . . . Known Exits Taken . | . . . . . Unknown Exits Taken 4 | 1 1 1 1 . Scrap Searched . | . . . . . Spaces Dug . | . . . . . Terrain Destroyed . | . . . . . Melee . | . . . . . Projectile . | . . . . . AOE . | . . . . . Terrain Rammed . | . . . . . Walls Destroyed . | . . . . . Machines Disabled . | . . . . . Actions | -11 -10 -10 -9 -8 --------- Run | Yrd Mat Min Mat Mat Total 1040 | 101 37 418 224 260 Wait 2 | . . . . 2 Move 969 | 87 30 408 206 238 Hop 3 | . . . . 3 Pick Up 17 | 1 3 7 4 2 Fast Attach 15 | 8 . . . 7 Attach 7 | . 1 . 4 2 Detach 6 | 2 1 . 2 1 Swap 4 | . 1 . 2 1 Drop 13 | 2 1 2 5 3 Fire . | . . . . . Melee 1 | . . . . 1 Ram . | . . . . . Kick 3 | 1 . 1 1 . Crush . | . . . . . Escape Stasis . | . . . . . Rewire . | . . . . . Trap . | . . . . . Miscellaneous . | . . . . . Route ------- -11/Scrapyard -10/Materials -10/Mines -9/Materials -8/Materials (discovered 1 exit: [*Fac]) History --------- Turn | Location | Event 18 | -11/Scrapyard | Discovered new exit (range 15) 119 | -11/Scrapyard | Entered Materials 119 | -10/Materials | Discovered new exit (range 14) 162 | -10/Materials | Entered Mines 273 | -10/Mines | A weapon hastily lodged in a ceiling crevice suddenly fell to the ground 307 | -10/Mines | Discovered new exit (range 6) 312 | -10/Mines | Build established: Mutant 544 | -10/Mines | Met a Derelict shopkeep closing up shop 661 | -10/Mines | Entered Materials 661 | -9/Materials | Evolved 2 slots: Propulsion x1, Utility x1 886 | -9/Materials | Discovered new exit (range 14) 931 | -9/Materials | Entered another Materials area 931 | -8/Materials | Evolved 2 slots: Propulsion x1, Utility x1 1019 | -8/Materials | Discovered new exit (range 8) 1041 | -8/Materials | Self-destructed Last Messages --------------- (20,36) (20,41) Map updated. 01006_ Connecting with Terminal... 01017_ ALERT: Suspicious intruders detected, dispatching Cutter reinforcements to area. [Achievement: Heavy Suspicion] 01018_ Knocked back. 01019_ Flight Unit destroyed. 01019_ Knocked back. 01019_ EXIT=FOUND 01019_ Knocked back. 01026_ Lgt. Deuterium Engine severed. 01028_ Great Maul severed. 01035_ O-16 Technician: "IFF HANDSHAKE FAILED. SECURING TERMINAL." 01038_ C-17 Slicer knocked back. 01040_ ALERT: Hostiles spotted, dispatching reinforcements to Terminal M011. 01040_ Cesium-ion Thruster destroyed. Map ----- +----------------------------------------------------+ | | | | | | | | | | | | | | | | | | | | | | | | | | | | | | | | | ????????#??????????????????????????????????? | | ???????????????????????????????????????????? | | ?????????????????#??????????????#??????????? | | ???????????????????????#???????????????????? | | ?????????????????????#??#??????????????????? | | ?????????????????#?????#?????#?????????????? | | ???????????????????#?#???#?????????????????? | | ?????????????????#?????????????????????????? | | ???????? ?? ???########????????????????????? | | ?????????#? ?? # @c!#?#??????????????????? | | ??????????????# cc #?#?#???????????????## | | ??????????????## #???????????????????# | | ???????????? ?# """ #?????????#???????#?# | | ??????????????# """ #???????????????????# | | ??????????##??# """ ##??????????????????# | | ??????????# # ####################### | | ??????????# kY | | ?????????## | | ??????????# ##+##### ################### | | ????????#?## #? ?????# ##??#?#?##??##?#??# | | ???????????# ??????? # #??#?#????????????# | | ???????????#Y??# ????# #??#??#???????????# | | ???????????#??????????# ###???????????????# | | ??????????????##???? # ####????##?#??##??# | | ?????????????? ?? ????# ##??????????#?#???# | | ????????#???? ??##??## #?##?????########## | | ????????????????????#?# #??####### # | | ???????????? ? ???#####/##### + T """ # | | ?????????#????##### # ## """ # | | ?????????????????## """"""" # ## """ # | | ???????????? ?? #?# """"""" # ## """ + | | ??????? ??????????# """"""" / ## """ # | | ??????? ?????"????# """"""" # ## ## | | ??????????????" ?## """"""" # ## # | +----------------------------------------------------+ Best States ------------- Heat Dissipation 31 Energy Generation 23 Energy Capacity 280 Matter Stores 300 Matter Capacity 300 Sight Range 16 Terrain Scan Range 16 Terrain Scan Density 110 Armor Coverage 150 Resistance: KI 20 Evasion (%) 64 Recoil Reduction 1 Item Schematics ----------------- None Robot Schematics ------------------ None Fabricated ------------ Nothing Repaired ---------- Nothing Studied --------- None Alien Tech Used ----------------- None Achievements -------------- Heavy Suspicion Challenges ------------ None Game ------ Seed ComponentFieldthrustMachine Manual? 0 Play Time 00:16:16 Cumulative 16.7 hours Start 2026.02.19 @ 14:34:14 End 2026.02.19 @ 14:47:15 Sessions 1 Manual Loads 0 Difficulty Rogue Special Mode None Game No. 41 Rogue 41 Adventurer 0 Explorer 0 Win Type - Total 0 Types 0/0/0/0/0/0/0/0/0/0 Lore% 5 Gallery% 17 Achievement% 13 Wizard Run 0 Options --------- Layout 1 ASCII 0 Keyboard 1 Movement Arrows Keybinds 0 Fullscreen 1 Font 32/SmallcapsGlow Map View 50x40 Zoom Use 0% Tactical HUD 1 Map Filters NONE Filters NONE Steam 1 RUN: 841b64e7-0cc8-4559-9628-7bc9083d413c